[Event "Early-Titled-Tuesday-Blitz-April-02-2024"]
[Site "Chess.com"]
[Date "2024.04.02"]
[Round "3"]
[White "Suduvasachmatai"]
[Black "tusplingher"]
[Result "1/2-1/2"]
[WhiteElo "2276"]
[BlackElo "2525"]
[TimeControl "180+1"]
[EndTime "8:26:37 PDT"]
[Termination "Game drawn by repetition"]

1. e4 c5 2. c3 d5 3. exd5 Qxd5 4. d4 g6 5. Nf3 Bg7 6. Na3 cxd4 7.
Nb5 Na6 8. Nbxd4 Nf6 9. Bf4 O-O 10. Be2 Nc5 11. O-O Ne6 12. Nxe6 Bxe6 13. Re1 Rfd8 14.
Nd4 Nh5 15. Bxh5 Bxd4 16. Bf3 Qf5 17. cxd4 Qxf4 18. d5 Qg5 19. Qe2 Bxd5 20. Bxd5 Rxd5 21. Qxe7 Qxe7 22. Rxe7 Rad8 23. Rae1 Rb5 24. b3 Rd2 25. R7e2 Rbd5 26. Kf1 Rxe2 27. Rxe2 Rd1+ 28. Re1 Rd2 29. Re2 Rd1+ 30. Re1 Rd2 31. Re2 Rd1+ 1/2-1/2

[Event "Early-Titled-Tuesday-Blitz-April-02-2024"]
[Site "Chess.com"]
[Date "2024.04.02"]
[Round "3"]
[White "tetrix83"]
[Black "YaWaleriy"]
[Result "1-0"]
[WhiteElo "2618"]
[BlackElo "2412"]
[TimeControl "180+1"]
[EndTime "8:26:38 PDT"]
[Termination "tetrix83 won on time"]

1. e4 e5 2. Nf3 Nc6 3. Bb5 a6 4.
Bxc6 dxc6 5. O-O f6 6. d4 exd4 7. Nxd4 c5 8. Nb3 Qxd1 9. Rxd1 Bg4 10.
f3 Bd7 11. Bf4 O-O-O 12. Nc3 Ne7 13. Nxc5 Ng6 14. Nxd7 Nxf4 15. Nxf8 Rhxf8 16. Kf2 c6 17. Rxd8+ Rxd8 18. Rd1 Rxd1 19. Nxd1 Kd7 20. g3 Ne6 21. Ke3 h5 22. Nf2 g6 23. h4 Kd6 24. g4 Ng7 25. Nd3 g5 26. gxh5 Nxh5 27. hxg5 fxg5 28. a4 b6 29. b4 a5 30. c3 Ng7 31. Nb2 axb4 32. cxb4 Ne6 33. Nc4+ Kc7 34. e5 b5 35.
axb5 cxb5 36. Nd6 Kc6 37. Ke4 Nf4 38. Nf5 Kd7 39. Nd4 1-0

[Event "Early-Titled-Tuesday-Blitz-April-02-2024"]
[Site "Chess.com"]
[Date "2024.04.02"]
[Round "3"]
[White "Let_it_be_1"]
[Black "GMthekingindian"]
[Result "1/2-1/2"]
[WhiteElo "2555"]
[BlackElo "2216"]
[TimeControl "180+1"]
[EndTime "8:26:38 PDT"]
[Termination "Game drawn by agreement"]

1. e4 c5 2. Nf3 d6 3. d4 cxd4 4. Nxd4 Nf6 5. Nc3 a6 6. Be2 e5 7. Nb3 Be7 8. O-O O-O 9. Kh1 b6 10. a4 Bb7 11. f3 d5 12. exd5 Nxd5 13. Nxd5 Bxd5 14. Be3 Bxb3 15. cxb3 Nd7 16. Bc4 Bc5 17. Bxc5 Nxc5 18. Qe2 Qe7 19. b4 Nd7 20. Bxa6 Qxb4 21. Bb5 Nc5 22. Qxe5 Nxa4 23. Bc6 Ra5 24. Qe4 Qxe4 25.
Bxe4 Nxb2 26. Rab1 Nc4 27. Rfc1 Nd2 28. Rxb6 Nxe4 29. fxe4 Re5 30. Rb4 Rfe8 31. h3 g6 32. Rcc4 R8e7 33. Kh2 Kg7 1/2-1/2

[Event "Early-Titled-Tuesday-Blitz-April-02-2024"]
[Site "Chess.com"]
[Date "2024.04.02"]
[Round "3"]
[White "Fengwi"]
[Black "SmirnovTimofey2000"]
[Result "1-0"]
[WhiteElo "2356"]
[BlackElo "1946"]
[TimeControl "180+1"]
[EndTime "8:26:39 PDT"]
[Termination "Fengwi won on time"]

1. e4 e5 2. Nf3 Nf6 3. Nxe5 d6 4.
Nf3 Nxe4 5. c4 c6 6. d4 d5 7. Bd3 Be7 8. O-O O-O 9. Re1 Bg4 10. h3 Bh5 11. Bxe4 dxe4 12. Rxe4 Bf6 13. Nc3 Bg6 14.
Re1 Re8 15. Rxe8+ Qxe8 16. Bg5 Nd7 17. Qb3 b6 18. Re1 Qd8 19. Bxf6 Qxf6 20. Qa3 h6 21. Qe7 Qxe7 22. Rxe7 Nf6 23. Ne5 Bh7 24. Nxc6 Kh8 25. d5 Bd3 26. d6 Bxc4 27. d7 Nxd7 28. Rxd7 1-0

[Event "Early-Titled-Tuesday-Blitz-April-02-2024"]
[Site "Chess.com"]
[Date "2024.04.02"]
[Round "3"]
[White "AsterPhoenix"]
[Black "Aureliano-Buendia"]
[Result "1-0"]
[WhiteElo "2656"]
[BlackElo "2481"]
[TimeControl "180+1"]
[EndTime "8:26:40 PDT"]
[Termination "AsterPhoenix won by resignation"]

1. e4 d6 2. d4 Nf6 3. Nc3 g6 4. Nf3 Bg7 5. Be2 O-O 6. O-O c6 7. a4 Nbd7 8. h3 e5 9. dxe5 Nxe5 10. Bf4 Qc7 11. Bh2 Re8 12. Re1 Nfd7 13. a5 Nxf3+ 14.
Bxf3 Be5 15. Qd2 d5 16. Bxe5 Nxe5 17. Be2 Nc4 18. Qh6 Be6 19. Bxc4 dxc4 20. e5 Bf5 21. Qf4 Bxc2 22. Qxc4 Rxe5 23. Rxe5 Qxe5 24. a6 b6 25. Qxc6 Rd8 26. Qb7 Rd2 27. Qxa7 Qf4 28. Qxb6 1-0

[Event "Early-Titled-Tuesday-Blitz-April-02-2024"]
[Site "Chess.com"]
[Date "2024.04.02"]
[Round "3"]
[White "AlexanderKing"]
[Black "Balla_Tamas"]
[Result "0-1"]
[WhiteElo "2625"]
[BlackElo "2474"]
[TimeControl "180+1"]
[EndTime "8:26:40 PDT"]
[Termination "Balla_Tamas won by checkmate"]

1. c4 c5 2. g3 Nc6 3. Bg2 g6 4. Nf3 Bg7 5. O-O e6 6. Nc3 Nge7 7. d4 cxd4 8. Nb5 d5 9. cxd5 Nxd5 10. Nbxd4 Nxd4 11. Nxd4 O-O 12. e3 b6 13. Nc6 Qc7 14. Nb4 Nxb4 15.
Bxa8 Ba6 16. Bg2 Rd8 17. Qb3 Bxf1 18. Bxf1 Nc2 19. Rb1 Rd1 20. Qb5 Ne1 21. Bc4 Qb7 22. Kf1 Qf3 23. Be2 Qh1# 0-1

[Event "Early-Titled-Tuesday-Blitz-April-02-2024"]
[Site "Chess.com"]
[Date "2024.04.02"]
[Round "3"]
[White "Kopytkin"]
[Black "Shuvalov"]
[Result "0-1"]
[WhiteElo "2406"]
[BlackElo "2611"]
[TimeControl "180+1"]
[EndTime "8:26:41 PDT"]
[Termination "Shuvalov won on time"]

1. d4 Nf6 2. Bg5 d5 3. e3 c5 4. c3 cxd4 5. exd4 Nc6 6. Nd2 Bf5 7. Qb3 Qd7 8. Ngf3 a6 9. Be2 e6 10. O-O Bd6 11. Nh4 Bg6 12. Rae1 O-O 13. Bxf6 gxf6 14. f4 f5 15. g3 Kg7 16. Qd1 Ne7 17. Ndf3 Ng8 18. Ne5 Qc7 19. c4 dxc4 20. Nxc4 Bb4 21. Nf3 Bxe1 22. Qxe1 Rfd8 23. Nfe5 Rxd4 24. Qf2 Rad8 25.
Rc1 b5 26. Nf3 R4d5 27. Qe3 bxc4 28. b3 Qc5 29. Qxc5 Rxc5 30. Bxc4 Nf6 31. Ne5 Ng4 32. Nd3 Rxd3 0-1

[Event "Early-Titled-Tuesday-Blitz-April-02-2024"]
[Site "Chess.com"]
[Date "2024.04.02"]
[Round "3"]
[White "Antosha_Chekhonte"]
[Black "Barbix1"]
[Result "1-0"]
[WhiteElo "2590"]
[BlackElo "2314"]
[TimeControl "180+1"]
[EndTime "8:26:42 PDT"]
[Termination "Antosha_Chekhonte won by checkmate"]

1. e4 c5 2. Nf3 g6 3. d4 cxd4 4. Qxd4 Nf6 5. Nc3 Nc6 6. Qa4 d6 7. e5 dxe5 8. Nxe5 Bg7 9. Bb5 O-O 10. Nxc6 bxc6 11. Bxc6 Rb8 12. O-O Qc7 13. Bf4 e5 14.
Bg5 Rxb2 15. Bxf6 Bxf6 16. Nd5 Qd6 17. Rad1 Bg7 18. c4 Bg4 19. c5 Qxc5 20. Qxg4 Rxa2 21.
Rc1 Qa3 22. Rc3 Qb2 23. h4 h5 24. Qg5 a5 25. Rg3 Qc2 26. Nf6+ Kh8 27. Be4 Qe2 28. Bf3 Qc2 29. Nxh5 gxh5 30. Qxg7# 1-0

[Event "Early-Titled-Tuesday-Blitz-April-02-2024"]
[Site "Chess.com"]
[Date "2024.04.02"]
[Round "3"]
[White "AktilekAskarovich"]
[Black "Kate1606"]
[Result "1-0"]
[WhiteElo "2399"]
[BlackElo "2169"]
[TimeControl "180+1"]
[EndTime "8:26:42 PDT"]
[Termination "AktilekAskarovich won by resignation"]

1. d4 d6 2. c4 e5 3. Nf3 exd4 4. Nxd4 g6 5. Nc3 Bg7 6. g3 Ne7 7. Bg2 O-O 8. O-O Nbc6 9. Be3 Nxd4 10. Bxd4 Nc6 11.
Bxg7 Kxg7 12. Qd2 Be6 13. b3 Rb8 14. e4 Qd7 15. f4 Bh3 16. Nd5 Bxg2 17. Kxg2 f5 18.
Rae1 Qf7 19. Qc3+ Kg8 20. a4 Rbc8 21. b4 Nd8 22. exf5 1-0

[Event "Early-Titled-Tuesday-Blitz-April-02-2024"]
[Site "Chess.com"]
[Date "2024.04.02"]
[Round "3"]
[White "esrosenberg"]
[Black "only_strong_moves"]
[Result "0-1"]
[WhiteElo "2510"]
[BlackElo "2715"]
[TimeControl "180+1"]
[EndTime "8:26:45 PDT"]
[Termination "only_strong_moves won by resignation"]

1. d4 Nf6 2. c4 e6 3. Nc3 d5 4. cxd5 exd5 5. Bg5 c6 6. e3 h6 7. Bh4 a5 8. Bd3 Na6 9. a3 Nc7 10. Nf3 Be7 11. O-O Bg4 12. Rb1 O-O 13. b4 axb4 14. axb4 Ne4 15. Bxe7 Qxe7 16. Qc2 Bxf3 17. gxf3 Ng5 18.
Kg2 g6 19. f4 Nge6 20. Ne2 f5 21. Kh1 Kh7 22. Rg1 Ne8 23. Rg3 Nd6 24. Rbg1 Rf6 25. R1g2 Ne4 26. Bxe4 fxe4 27. f3 Ra1+ 28. Ng1 Ng7 29.
fxe4 Qxe4 30. Qxe4 dxe4 31. Rb2 Nf5 32. Rh3 Nd6 33.
Kg2 Rf5 34. Ne2 Rb5 35. Nc3 Rf5 36. Kf2 g5 37. Ke2 gxf4 38. exf4 Rxf4 39. d5 Raf1 40.
Ke3 Nc4+ 0-1

[Event "Early-Titled-Tuesday-Blitz-April-02-2024"]
[Site "Chess.com"]
[Date "2024.04.02"]
[Round "3"]
[White "Rurep26"]
[Black "TitanChess666"]
[Result "1-0"]
[WhiteElo "2717"]
[BlackElo "2511"]
[TimeControl "180+1"]
[EndTime "8:26:47 PDT"]
[Termination "Rurep26 won by resignation"]

1. d4 Nf6 2. Bf4 d6 3. e3 g6 4. Nd2 Bg7 5. Ngf3 O-O 6. h3 Nc6 7. Bh2 Nd7 8. Be2 e5 9. c3 f5 10. c4 Kh8 11. d5 Ne7 12. e4 Nf6 13. Bd3 f4 14. Qc2 h6 15. c5 g5 16. g4 Ng6 17. O-O-O Rf7 18. Kb1 Bf8 19. Nb3 Bd7 20. Rc1 Ba4 21. cxd6 Bxd6 22. Qc4 Bd7 23. Nc5 Bc8 24.
Rhd1 Qe8 25. Qb3 Rb8 26. Nd2 h5 27. f3 Nh4 28. Bg1 hxg4 29. hxg4 Nxg4 30. fxg4 Bxg4 31. Rf1 Bh3 32. Rf2 g4 33. Rh2 Rh7 34. Ne6 Ng6 35.
Ng5 Rh5 36. Nxh3 gxh3 37. Be2 Rh7 38. Rxh3 1-0

[Event "Early-Titled-Tuesday-Blitz-April-02-2024"]
[Site "Chess.com"]
[Date "2024.04.02"]
[Round "3"]
[White "Zakaryan_David"]
[Black "themind1hunter"]
[Result "1-0"]
[WhiteElo "2660"]
[BlackElo "2489"]
[TimeControl "180+1"]
[EndTime "8:26:49 PDT"]
[Termination "Zakaryan_David won by resignation"]

1. e4 c5 2. Nf3 d6 3. d4 cxd4 4.
Nxd4 Nf6 5. Nc3 a6 6. h4 e5 7. Nb3 Be7 8. Bg5 Nbd7 9. Qd2 h6 10.
Be3 Qc7 11. f3 b5 12. a4 b4 13. Nd5 Nxd5 14. exd5 Bb7 15. a5 Nf6 16. Bb6 Qd7 17. Bc4 Rc8 18. Qxb4 Nxd5 19. Bxd5 Bxd5 20. O-O-O Qc6 21.
c3 O-O 22. Rhe1 Be6 23. Nd2 Rfe8 24. Qe4 d5 25. Qxe5 Qa4 26. Qd4 Qa1+ 27. Kc2 Bf5+ 28.
Kb3 1-0

[Event "Early-Titled-Tuesday-Blitz-April-02-2024"]
[Site "Chess.com"]
[Date "2024.04.02"]
[Round "3"]
[White "DonCiao"]
[Black "Christ_is_alive"]
[Result "1-0"]
[WhiteElo "2011"]
[BlackElo "2338"]
[TimeControl "180+1"]
[EndTime "8:26:50 PDT"]
[Termination "DonCiao won on time"]

1. c4 g6 2. g3 Bg7 3. Bg2 Nf6 4. Nc3 d6 5. e4 O-O 6. Nge2 c5 7.
O-O Nc6 8. d3 Rb8 9. h3 a6 10.
a4 Nd7 11. Be3 Nd4 12. Rb1 b5 13. cxb5 axb5 14. axb5 Nxb5 15. Nxb5 Rxb5 16. d4 Ba6 17.
Re1 Qb6 18. Qd2 Rb8 19. dxc5 Nxc5 20. Nc3 Rxb2 21. Nd5 Rxd2 22. Rxb6 Rxb6 23. Nxb6 Ra2 24. Nd5 e6 25. Nb4 Ra4 26. Nxa6 Rxa6 27. Rc1 Ra5 28. Bg5 Bd4 29. Be7 Bxf2+ 30. Kh2 Ra6 31. e5 Ra8 32. exd6 Nd7 33. Rc7 Ne5 34. g4 1-0

[Event "Early-Titled-Tuesday-Blitz-April-02-2024"]
[Site "Chess.com"]
[Date "2024.04.02"]
[Round "3"]
[White "Nf3c5"]
[Black "Onischuk_V"]
[Result "0-1"]
[WhiteElo "2584"]
[BlackElo "2825"]
[TimeControl "180+1"]
[EndTime "8:26:52 PDT"]
[Termination "Onischuk_V won on time"]

1. e4 d6 2. d4 Nf6 3. Nc3 g6 4. Bg5 Bg7 5. f4 O-O 6. Nf3 c6 7.
Bd3 b5 8. e5 b4 9. Ne2 Nd5 10.
Qd2 Bg4 11. O-O Qb6 12. Kh1 Nd7 13. c4 bxc3 14. bxc3 Qa5 15. Rac1 Rab8 16. Rc2 Rfe8 17. h3 Bxf3 18. Rxf3 c5 19. f5 dxe5 20. fxg6 hxg6 21. Bc4 N7b6 22. Bxd5 Nxd5 23. dxe5 Rb1+ 24. Kh2 Bxe5+ 25. g3 e6 26. Nf4 Bxf4 27. Bxf4 Qa4 28. Be5 Qe4 29. Qe2 Re1 30. Qxe4 Rxe4 31. Bd6 c4 32.
Rcf2 f5 33. g4 Rd8 0-1

[Event "Early-Titled-Tuesday-Blitz-April-02-2024"]
[Site "Chess.com"]
[Date "2024.04.02"]
[Round "3"]
[White "Lukianoo"]
[Black "Laico"]
[Result "1-0"]
[WhiteElo "2808"]
[BlackElo "2407"]
[TimeControl "180+1"]
[EndTime "8:26:53 PDT"]
[Termination "Lukianoo won on time"]

1. e4 e6 2. d4 d5 3. e5 c5 4. c3 Nc6 5. Nf3 Bd7 6. Be2 Nge7 7. O-O Nf5 8. g4 Nh4 9. Nxh4 Qxh4 10. f4 Rc8 11. Be3 f6 12. Nd2 cxd4 13. cxd4 Bb4 14.
a3 Be7 15. b4 O-O 16. Nb3 fxe5 17. dxe5 b6 18. Qe1 Qh3 19. Qg3 Qxg3+ 20. hxg3 Nb8 21. Rfc1 Ba4 22. Nd4 Kf7 23. f5 exf5 24. gxf5 Rfd8 25. Bg4 Rxc1+ 26. Rxc1 h6 27. Rc7 a5 28. Bh5+ 1-0

[Event "Early-Titled-Tuesday-Blitz-April-02-2024"]
[Site "Chess.com"]
[Date "2024.04.02"]
[Round "3"]
[White "SharapovEvgeny"]
[Black "ritanovikova"]
[Result "1-0"]
[WhiteElo "2554"]
[BlackElo "2135"]
[TimeControl "180+1"]
[EndTime "8:26:53 PDT"]
[Termination "SharapovEvgeny won by resignation"]

1. b3 Nf6 2. Bb2 g6 3. f4 Bg7 4. Nf3 d6 5. e3 O-O 6. Be2 Re8 7.
O-O c5 8. c4 Nc6 9. Nc3 e5 10.
fxe5 dxe5 11. e4 Nd4 12. d3 a6 13. Nd5 Nxd5 14. cxd5 b6 15. Nxd4 cxd4 16. Bg4 Bxg4 17. Qxg4 Qc8 18. Qf3 Qd7 19. Rac1 Rac8 20. Rc4 b5 21.
Rxc8 Rxc8 22. Rc1 Rxc1+ 23. Bxc1 Qc7 24. Qd1 Bf8 25. Bd2 Bd6 26. g3 h5 27. Qc1 Qd7 28. Kg2 Qg4 29. Qe1 h4 30. h3 Qd7 31. gxh4 Be7 32.
h5 gxh5 33. Qg3+ Kh7 34. Qf3 Kg6 35. Qg3+ Kh7 36. Qf2 f6 37. Qf5+ Qxf5 38. exf5 Kg8 39. Kg3 Kf8 40. Kh4 Ke8 41. Kxh5 Kd7 42. Kg6 Bd8 43. h4 Kd6 44. h5 Kxd5 45. h6 1-0

[Event "Early-Titled-Tuesday-Blitz-April-02-2024"]
[Site "Chess.com"]
[Date "2024.04.02"]
[Round "3"]
[White "Ariadna_Atreides"]
[Black "IsuruAlahakoon"]
[Result "0-1"]
[WhiteElo "2192"]
[BlackElo "2405"]
[TimeControl "180+1"]
[EndTime "8:26:54 PDT"]
[Termination "IsuruAlahakoon won by resignation"]

1. d4 d5 2. c4 e6 3. Nc3 Nf6 4. Bg5 c6 5. e3 Nbd7 6. Qc2 Bb4 7. cxd5 exd5 8. Bd3 h6 9. Bh4 O-O 10. Ne2 Bd6 11. Bg3 Bxg3 12. hxg3 Re8 13. O-O-O b5 14. Nf4 Nb6 15. Nh5 Nxh5 16. Rxh5 Bg4 17. Rh4 Bxd1 18. Qxd1 Qf6 19. Rf4 Qe7 20. Qh5 Nc4 21. Rg4 Nxe3 22. fxe3 Qxe3+ 23. Kc2 b4 24. Ne2 c5 25. Qf5 Re4 26.
Rxe4 dxe4 27. Qxe4 Qxe4 28. Bxe4 Re8 29. Kd3 c4+ 30.
Kxc4 Rxe4 31. Nf4 Kf8 32. Nd5 a5 33. Kc5 Re2 34. Kb5 Rxb2 35. Kxa5 Rxa2+ 36. Kxb4 Rxg2 37. Nf4 Rxg3 38. d5 Rg4 0-1

[Event "Early-Titled-Tuesday-Blitz-April-02-2024"]
[Site "Chess.com"]
[Date "2024.04.02"]
[Round "3"]
[White "DeArron_Fox"]
[Black "DanielSaiz01"]
[Result "1-0"]
[WhiteElo "2499"]
[BlackElo "2260"]
[TimeControl "180+1"]
[EndTime "8:26:57 PDT"]
[Termination "DeArron_Fox won on time"]

1. d4 Nf6 2. c4 c5 3. d5 b5 4. cxb5 a6 5. bxa6 e6 6. dxe6 fxe6 7. Nf3 Be7 8. g3 d5 9. Bg2 O-O 10. O-O Nc6 11. Re1 Bxa6 12. Nbd2 e5 13. e4 d4 14. a3 Qc7 15. Qc2 Na5 16. b4 Nb7 17. b5 Bxb5 18. Qb3+ Kh8 19. Qxb5 1-0

[Event "Early-Titled-Tuesday-Blitz-April-02-2024"]
[Site "Chess.com"]
[Date "2024.04.02"]
[Round "3"]
[White "WilsonPalencia21"]
[Black "Larina_Maria"]
[Result "1-0"]
[WhiteElo "2587"]
[BlackElo "2312"]
[TimeControl "180+1"]
[EndTime "8:26:58 PDT"]
[Termination "WilsonPalencia21 won by resignation"]

1. d4 f5 2. c4 Nf6 3. Nf3 d6 4. g3 g6 5. Bg2 Bg7 6. O-O O-O 7. Nc3 Nc6 8. d5 Ne5 9. Nxe5 dxe5 10. c5 Kh8 11.
Qb3 e4 12. Rd1 h6 13. Be3 g5 14. Bd4 Qe8 15. Nb5 Qd7 16. Be5 Ne8 17. Bxg7+ Kxg7 18. Qc3+ Kh7 19. c6 bxc6 20. dxc6 Qe6 21. Qc5 Ba6 22.
Nd4 Qg6 23. Qxe7+ Rf7 24. Qa3 Bc4 25. Qc5 Ba6 26. Qa5 Bc8 27. Qe5 Nd6 28. f4 exf3 29. Nxf3 Ba6 30. Re1 Ne4 31. Qa5 Qxc6 32. Ne5 Qe6 33.
Nxf7 Qxf7 34. Qxa6 1-0

[Event "Early-Titled-Tuesday-Blitz-April-02-2024"]
[Site "Chess.com"]
[Date "2024.04.02"]
[Round "3"]
[White "Hamisandwich"]
[Black "XDPS"]
[Result "0-1"]
[WhiteElo "2705"]
[BlackElo "2922"]
[TimeControl "180+1"]
[EndTime "8:26:59 PDT"]
[Termination "XDPS won on time"]

1. e4 c5 2. Nc3 a6 3. d4 cxd4 4.
Qxd4 Nc6 5. Qe3 e6 6. b3 Qa5 7. Bb2 Nf6 8. O-O-O Ba3 9. Nf3 O-O 10. Kb1 Bxb2 11.
Kxb2 d5 12. exd5 exd5 13. Nd4 Re8 14. Qd2 Bd7 15. f3 Rac8 16. Nce2 Qb6 17. Nxc6 bxc6 18.
g4 Be6 19. Nd4 c5 20. Nxe6 fxe6 21. g5 Nd7 22. f4 a5 23. Bh3 a4 24. Rhe1 axb3 25.
axb3 c4 26. Re3 Nc5 27. Ra1 Ne4 28. Qe1 cxb3 29. Rxb3 Qd4+ 30. c3 Qd3 31. Bg2 Rxc3 32. Rxc3 Rb8+ 0-1

[Event "Early-Titled-Tuesday-Blitz-April-02-2024"]
[Site "Chess.com"]
[Date "2024.04.02"]
[Round "3"]
[White "zano2023"]
[Black "VD_coach"]
[Result "0-1"]
[WhiteElo "2227"]
[BlackElo "2569"]
[TimeControl "180+1"]
[EndTime "8:26:59 PDT"]
[Termination "VD_coach won by checkmate"]

1. d4 Nf6 2. Nd2 g6 3. e4 d6 4.
Ngf3 Bg7 5. Bd3 O-O 6. O-O Nc6 7. c3 e5 8. Re1 h6 9. Nf1 Re8 10. Ng3 Bg4 11. d5 Ne7 12. h3 Bd7 13. Nh2 c6 14. c4 cxd5 15. cxd5 Rc8 16. Be3 Qa5 17. a3 Bb5 18. b4 Qa6 19. Bxb5 Qxb5 20. Qd2 h5 21. Bh6 h4 22. Bxg7 Kxg7 23. Ngf1 Rc4 24. f3 Rec8 25. Rac1 Nh5 26. Rxc4 Qxc4 27. Qg5 Qd4+ 28. Qe3 Nf4 29. Qxd4 exd4 30. Rd1 g5 31.
Nd2 Neg6 32. Nhf1 Ne5 33. Kh2 Rc2 34. g3 Nfd3 35. gxh4 gxh4 36. Kg1 Nb2 37. Re1 Nbc4 38. Nxc4 Nxf3+ 39. Kh1 Nxe1 40. Nxd6 Nf3 41. Nf5+ Kf8 42.
d6 Ke8 43. e5 d3 44. N1e3 Rh2# 0-1

[Event "Early-Titled-Tuesday-Blitz-April-02-2024"]
[Site "Chess.com"]
[Date "2024.04.02"]
[Round "3"]
[White "lularobs"]
[Black "ChainedDowntohell"]
[Result "0-1"]
[WhiteElo "1567"]
[BlackElo "2550"]
[TimeControl "180+1"]
[EndTime "8:26:59 PDT"]
[Termination "ChainedDowntohell won on time"]

1. e4 c5 2. Nf3 g6 3. d4 cxd4 4. c3 dxc3 5. Nxc3 Bg7 6. Bc4 a6 7. O-O Nc6 8. Qe2 d6 9. Rd1 Qa5 10. Nd5 Nf6 11. Bd2 Qd8 12. Bg5 O-O 13. Rac1 Bg4 14. Nxf6+ exf6 15. Bf4 Ne5 16. Bxe5 fxe5 17. Qd3 Bxf3 18. Qxf3 Qe7 19. Bd5 Rac8 20. Qb3 b5 21. f3 Bh6 22. Rxc8 Rxc8 23. a4 bxa4 24. Qxa4 Qa7+ 25.
Kf1 Kg7 26. Qb3 Rb8 27. Qa2 Qb6 28. b3 Be3 29. Qe2 Bd4 30. Rb1 a5 31. Qc2 a4 0-1

[Event "Early-Titled-Tuesday-Blitz-April-02-2024"]
[Site "Chess.com"]
[Date "2024.04.02"]
[Round "3"]
[White "pirulillo"]
[Black "Iskusnyh"]
[Result "1-0"]
[WhiteElo "2349"]
[BlackElo "2615"]
[TimeControl "180+1"]
[EndTime "8:26:59 PDT"]
[Termination "pirulillo won on time"]

1. e4 e6 2. d3 c5 3. Nf3 Nc6 4.
g3 g6 5. d4 cxd4 6. Nxd4 a6 7.
Nc3 Bg7 8. Be3 Nge7 9. Bg2 O-O 10. O-O d5 11. exd5 exd5 12. Nce2 Ne5 13. c3 Nc4 14. Bc1 Nc6 15. b3 N4e5 16. h3 Re8 17. Be3 Be6 18. Qd2 Qa5 19. Rac1 Rad8 20. f4 Nd7 21.
f5 Bxf5 22. Nxf5 gxf5 23. Rxf5 Nf6 24. Nd4 Ne4 25. Bxe4 dxe4 26. Qf2 Qc7 27. Rf1 Ne5 28. Bf4 Qxc3 29. Bxe5 Bxe5 30. Rxe5 Rxe5 31. Qxf7+ Kh8 32. Qf6+ Kg8 33. Qxd8+ 1-0

[Event "Early-Titled-Tuesday-Blitz-April-02-2024"]
[Site "Chess.com"]
[Date "2024.04.02"]
[Round "3"]
[White "fmcabralis"]
[Black "tortorchess"]
[Result "1-0"]
[WhiteElo "2406"]
[BlackElo "2196"]
[TimeControl "180+1"]
[EndTime "8:26:59 PDT"]
[Termination "fmcabralis won by resignation"]

1. e4 c5 2. Nf3 Nc6 3. d4 cxd4 4.
Nxd4 e5 5. Nb5 d6 6. N1c3 a6 7. Na3 b5 8. Nd5 Nf6 9. Bg5 Be7 10. Bxf6 Bxf6 11. c4 b4 12. Nc2 a5 13. Qf3 Bg5 14.
h4 Bh6 15. g4 Bf4 16. Nxf4 Qf6 17. g5 Qxf4 18. Qxf4 exf4 19. O-O-O Ke7 20. Nd4 Ne5 21. Nb5 Rd8 22. Nc7 Ra7 23. Nd5+ Ke8 24. Nxf4 Bg4 25. Rd2 Rc7 26. b3 a4 27. Nd5 Rc5 28. f4 Nf3 29.
Rg2 Bh5 30. Be2 axb3 31. axb3 Ra8 32. Kb2 Rca5 33. Nc7+ Kd7 34. Nxa8 Rxa8 35. Rh3 Ne1 36. Rf2 g6 37. Bxh5 gxh5 38. Re2 1-0

[Event "Early-Titled-Tuesday-Blitz-April-02-2024"]
[Site "Chess.com"]
[Date "2024.04.02"]
[Round "3"]
[White "NikitaShnadrygin"]
[Black "KuzubovYuriy"]
[Result "0-1"]
[WhiteElo "2682"]
[BlackElo "2911"]
[TimeControl "180+1"]
[EndTime "8:27:02 PDT"]
[Termination "KuzubovYuriy won by resignation"]

1. e4 e6 2. d4 d5 3. Nd2 Nc6 4.
Ngf3 Nf6 5. e5 Nd7 6. Bd3 Nb4 7. Be2 c5 8. c3 Nc6 9. O-O b6 10. Nb3 Bb7 11. c4 dxc4 12. Bxc4 cxd4 13. Nbxd4 Nxd4 14. Qxd4 Bxf3 15. gxf3 Bc5 16. Qe4 O-O 17. Bd3 g6 18. b4 Nxe5 19. Rd1 Qd4 20. Rb1 Qxf2+ 21. Kh1 Nxd3 22. Qxd3 Rad8 0-1

[Event "Early-Titled-Tuesday-Blitz-April-02-2024"]
[Site "Chess.com"]
[Date "2024.04.02"]
[Round "3"]
[White "agvania123"]
[Black "MKlose11"]
[Result "0-1"]
[WhiteElo "2415"]
[BlackElo "2614"]
[TimeControl "180+1"]
[EndTime "8:27:02 PDT"]
[Termination "MKlose11 won by resignation"]

1. c4 Nf6 2. Nc3 c5 3. Nf3 Nc6 4. e4 d6 5. d3 g6 6. g3 Bg7 7. Bg2 O-O 8. O-O Ne8 9. Be3 Nc7 10. Qd2 Re8 11. Bh6 Bh8 12. Rfe1 Ne6 13. Ne2 Ned4 14.
Nexd4 Nxd4 15. Nxd4 Bxd4 16. Be3 Bxe3 17. Qxe3 e5 18.
f4 Qe7 19. Rf1 f6 20. fxe5 dxe5 21. Rf2 Kg7 22. Raf1 Rf8 23. h3 Be6 24. g4 h6 25.
Qg3 Rad8 26. h4 g5 27. hxg5 hxg5 28. Rf3 Rf7 29. R1f2 Rh8 30. Re3 Rh4 31. Bf3 Qd6 32. Rg2 Qd4 33. Qf2 Rf8 34. Be2 Rfh8 35. Qg3 Qxb2 36.
Kf2 b6 37. a4 Rxg4 38. Qxg4 Bxg4 39. Rxg4 Rh2+ 40. Rg2 Rxg2+ 41. Kxg2 Qc2 42. Kf2 Qxa4 43. Bg4 Qc2+ 44. Kf3 a5 45. Bf5 a4 46. Re2 Qd1 47.
Ke3 Qxe2+ 48. Kxe2 a3 0-1

[Event "Early-Titled-Tuesday-Blitz-April-02-2024"]
[Site "Chess.com"]
[Date "2024.04.02"]
[Round "3"]
[White "JCVanDamme10"]
[Black "PonyQueen07"]
[Result "1-0"]
[WhiteElo "2344"]
[BlackElo "1767"]
[TimeControl "180+1"]
[EndTime "8:27:03 PDT"]
[Termination "JCVanDamme10 won on time"]

1. e4 c5 2. Nf3 Nc6 3. d4 cxd4 4. Nxd4 Nf6 5. Nc3 e5 6. Ndb5 d6 7. Bg5 a6 8. Na3 b5 9. Nd5 Be7 10. Bxf6 Bxf6 11. c4 b4 12. Nc2 O-O 13. b3 a5 14.
h4 h6 15. g3 Be7 16. Bh3 Bxh3 17. Rxh3 Qd7 18. Rh1 f5 19. Nb6 Qb7 20. Nxa8 fxe4 21. Qd5+ Kh8 22. Ne3 Qxa8 23. Qxe4 Qc8 24. Nd5 Bd8 25.
Kf1 Nd4 26. Kg2 Qc5 27. Rhf1 Qc8 28. Rad1 Qc5 29. Rd3 Ne6 30. Qe3 Nd4 31. Qe4 Ne6 32. Ne3 Nd4 33. Rfd1 Qc8 34. Rxd4 exd4 35. Rxd4 Bc7 36.
Rd5 Qd8 37. Nf5 Qf6 38. Qe7 1-0

[Event "Early-Titled-Tuesday-Blitz-April-02-2024"]
[Site "Chess.com"]
[Date "2024.04.02"]
[Round "3"]
[White "kai_nov"]
[Black "ansko1999"]
[Result "0-1"]
[WhiteElo "2336"]
[BlackElo "2637"]
[TimeControl "180+1"]
[EndTime "8:27:04 PDT"]
[Termination "ansko1999 won by resignation"]

1. e4 c5 2. Nf3 e6 3. c3 Nf6 4. e5 Nd5 5. d4 cxd4 6. cxd4 d6 7. Be2 Bd7 8. O-O Bc6 9. Nc3 Nxc3 10. bxc3 Nd7 11. Bf4 Qc7 12. Re1 dxe5 13. Nxe5 Nxe5 14.
Bxe5 Bd6 15. Bxd6 Qxd6 16. Bf3 O-O 17. Bxc6 Qxc6 18. Qf3 Qxf3 19. gxf3 Rfc8 20. Rac1 Rc4 21. Re3 Rac8 22. Rb1 b6 23. Rb3 Kf8 24. Kf1 Rd8 25. Ke2 Ra4 26. a3 Rd5 27. Kd2 Rda5 28. Kd3 Rxa3 29.
Rxa3 Rxa3 30. Kc4 a6 31. Re1 Ra4+ 32. Kd3 b5 33. Rb1 Ke7 34. Rc1 Kd6 35. Rb1 g6 36.
Rc1 Ra3 37. h4 b4 38. Kc4 Rxc3+ 39. Rxc3 bxc3 40. Kxc3 Kd5 41. Kd3 a5 42. f4 f5 43.
f3 a4 44. Kc3 a3 45. Kb3 Kxd4 46. Kxa3 Ke3 47. Kb4 Kxf3 48. Kc5 Kxf4 49. Kd6 e5 50.
Ke7 e4 51. Kf7 Kg4 52. Kg7 Kxh4 53. Kxh7 Kg5 0-1